 Dungeon Crawl Stone Soup version 0.21.1-1-g345015f (webtiles) character file.

29679 troglodite the Blocker (level 13, -2/101 HPs)
             Began as a Demonspawn Berserker on May 2, 2018.
             Was a High Priest of Trog.
             Shot with an arrow by a centaur (7 damage)
             ... on level 14 of the Dungeon on May 3, 2018.
             The game lasted 00:49:53 (17244 turns).

troglodite the Blocker (Demonspawn Berserker)      Turns: 17244, Time: 00:49:54

Health: -2/101     AC: 23    Str: 20    XL:     13   Next: 16%
Magic:  0/22       EV: 12    Int:  8    God:    Trog [*****.]
Gold:   876        SH: 14    Dex: 19    Spells: 12/12 levels left

rFire    + . .     SeeInvis .   j - +6 scimitar
rCold    + . .     Gourm    .   r - +1 shield
rNeg     + . .     Faith    .   B - +6 chain mail {MR+}
rPois    +         Spirit   +   (no helmet)
rElec    .         Reflect  .   i - +1 cloak {rPois}
rCorr    .         Harm     .   (gloves unavailable)
MR       +....                  E - +0 pair of boots
Stlth    ..........             K - amulet of Law {Spirit rPois rF+}
HPRegen  0.26/turn              k - ring of magical power
MPRegen  0.18/turn              w - +3 ring of strength

@: berserk cooldown, slowed, very slow
A: claws 3, slimy green scales 1, cold resistance 1, negative energy resistance
1, spiny 2, freezing cloud immunity
a: Berserk, Trog's Hand, Brothers in Arms, Burn Spellbooks, Renounce Religion


You were on level 14 of the Dungeon.
You worshipped Trog.
Trog was extremely pleased with you.
You were not hungry.

You visited 1 branch of the dungeon, and saw 14 of its levels.
You also visited: Sewer.

You collected 876 gold pieces.

Inventory:

Hand Weapons
 j - a +6 scimitar (weapon)
 y - a +0 scimitar of flaming
 F - a +4 scimitar
Armour
 i - a +1 cloak of poison resistance (worn)
 r - a +1 shield (worn)
 B - a +6 chain mail of magic resistance (worn)
 E - a +0 pair of boots (worn)
Jewellery
 a - an uncursed ring of protection from magic {unknown}
 f - a cursed amulet of inaccuracy {unknown}
 k - a ring of magical power (left claw)
 w - a +3 ring of strength (right claw)
 G - a +2 ring of intelligence
 H - an uncursed ring of flight
 J - an uncursed ring of stealth
 K - the amulet of Law (around neck) {Spirit rPois rF+}
   (You acquired it on level 10 of the Dungeon)

   [amulet of guardian spirit]

   It causes incoming damage to be split between your health and magic.
   It protects you from fire.
   It protects you from poison.
Wands
 q - a wand of flame (95)
 v - a wand of iceblast (27)
 D - a wand of digging (14)
 I - a wand of polymorph (15)
 N - a wand of random effects (13)
 P - a wand of enslavement (22)
Scrolls
 b - 4 scrolls of teleportation
 h - 4 scrolls of fear
 l - 2 scrolls of blinking
 A - 2 scrolls of remove curse
 C - 2 scrolls of magic mapping
 L - 2 scrolls of identify
 M - a scroll of silence
 Q - a scroll of fog
Potions
 d - 10 potions of curing
 e - 3 potions of magic
 g - 2 potions of mutation
 m - 2 potions of might
 n - a potion of agility
 o - 2 potions of berserk rage
 p - 2 potions of brilliance
 s - 3 potions of flight
 u - a potion of ambrosia
 x - 2 potions of lignification
 z - 2 potions of haste
Comestibles
 c - 16 rations


   Skills:
 * Level 9.6 Fighting
 + Level 10.3 Long Blades
 * Level 9.8 Armour
 * Level 8.0 Dodging
 + Level 1.6 Stealth
 * Level 10.7 Shields


You had 12 spell levels left.
You didn't know any spells.

Dungeon Overview and Level Annotations

Branches:
Dungeon (14/15)            Temple (0/1) D:4            Lair (0/6) D:11
    Orc (0/2) D:10         Vaults (0/5) D:13

Altars:
Ashenzari
Dithmenos
Fedhas
Hepliaklqana
Makhleb
Sif Muna
Trog
Wu Jian
Xom
Yredelemnul
Zin
The Shining One

Shops:
D:6 ![==

Portals:
Trove: D:14 (give 8 scrolls of blinking)

Annotations:
D:8 kae's ghost, novice DsMo
D:14 Kirke


Innate Abilities, Weirdness & Mutations

You have claws for hands.
You are partially covered in slimy green scales. (AC +2)
Your flesh is cold resistant. (rC+)
You resist negative energy. (rN+)
You are mostly covered in sharp spines.
You are immune to freezing clouds.


Message History

The centaur shoots an arrow.
You block the arrow.
You see here an arrow.
The harpy screeches!
You block the harpy's attack. The harpy closely misses you.
The centaur shoots an arrow.
You block the arrow.
The centaur shoots an arrow.
You block the arrow.
The centaur shoots an arrow.
The arrow hits you!
* * * LOW HITPOINT WARNING * * *
The centaur shoots an arrow.
The arrow hits you.
* * * LOW HITPOINT WARNING * * *
You see here 4 arrows.
You feel better.
The centaur shoots an arrow.
You block the arrow. You block the harpy's attack. The harpy claws you.
* * * LOW HITPOINT WARNING * * *
The centaur unwields an uncursed shortbow.
You block the centaur's attack.
The centaur shoots an arrow.
The arrow hits you.
* * * LOW HITPOINT WARNING * * *
The centaur shoots an arrow.
The arrow hits you but does no damage.
The centaur shoots an arrow.
The arrow hits you!
You die...

##...<(.####.....#.......#..####
#...)).# ##....#.........>.....
######## ##..............#....
##.......(..(.........
#...................##
#...(.................
#...(.................
#....(cJ..>......#....
#...<@(J(......(....#.
##.....H........#..##.
##...).#..$.......#..
###.#†.c............
#.#..#......######
##.#c.....##.......
#####.....#######.....#
#..Hh....## #...... #.(##....#
#...##...


You could see 2 slime creatures, a harpy and 3 centaurs.

Vanquished Creatures
  4 vault guards (D:13)
  An ogre mage (D:13)
  The ghost of Exporg the Covered, a journeyman DsBe of Trog (D:10)
  A hydra (D:13)
  4 two-headed ogres
  Erica (D:8)
  The ghost of slayr the Changer, a novice BaTm of Ru (D:9)
  4 skeletal warriors (D:12)
  An orc knight (D:13)
  A cyclops (D:13)
  5 ugly things
  3 deep elf magi
  2 slime creatures (D:13)
  3 gargoyles
  3 centaur zombies
  4 kobold demonologists (D:14)
  2 yaktaurs (D:13)
  4 trolls
  A tengu conjurer (D:13)
  A hornet (D:11)
  3 hippogriffs
  Sigmund (D:6)
  A centaur simulacrum (D:14)
  6 yaks
  A wraith (D:10)
  A shadow (D:12)
  5 hogs
  A human (D:7)
  Grum (D:10)
  Eustachio (D:6)
  2 hungry ghosts
  A redback simulacrum (D:14)
  A soldier ant (D:12)
  4 sky beasts
  8 orc warriors
  A black bear (D:9)
  2 wolves (D:10)
  6 ogres
  4 phantoms
  3 centaurs
  5 big kobolds
  11 bullfrogs
  A wyvern skeleton (D:7)
  2 scorpions
  10 wights
  9 killer bees
  3 howler monkeys
  8 crimson imps
  3 quasits
  2 bullfrog zombies
  3 hounds
  4 jellies
  A gnoll shaman (D:8)
  4 orc priests
  14 orc wizards
  3 bullfrog skeletons
  Crazy Yiuf (D:6)
  3 iguanas
  9 worker ants
  2 killer bee zombies
  A hound skeleton (D:11)
  A howler monkey zombie (D:8)
  A worker ant zombie (D:8)
  3 howler monkey skeletons
  8 adders
  4 gnolls
  A river rat (D:4)
  3 shadow imps
  2 oozes (Sewer)
  An adder skeleton (D:4)
  4 worms (Sewer)
  2 dart slugs (D:1)
  5 leopard geckos
  56 orcs
  6 giant cockroaches
  4 goblins
  7 hobgoblins
  12 jackals
  7 quokkas
  3 ball pythons
  11 bats
  5 frilled lizards
  18 kobolds
  A leopard gecko skeleton (D:5)
  2 quokka skeletons (D:8)
  14 rats
380 creatures vanquished.

Notes
Turn   | Place    | Note
-------+----------+-------------------------------------------
     0 | D:1      | troglodite the Demonspawn Berserker began the quest for the Orb.
     0 | D:1      | Reached XP level 1. HP: 18/18 MP: 1/1
   279 | D:1      | Gained mutation: You have sharp fingernails. [demonic ancestry]
   279 | D:1      | Reached XP level 2. HP: 21/24 MP: 2/2
   861 | D:1      | Gained mutation: Your flesh is cold resistant. (rC+) [demonic ancestry]
   861 | D:1      | Reached XP level 3. HP: 18/29 MP: 3/3
  2672 | D:3      | Found a faded altar of an unknown god.
  2756 | D:3      | Reached ** piety under Trog
  2791 | D:3      | Gained mutation: You are immune to freezing clouds. [demonic ancestry]
  2791 | D:3      | Reached XP level 4. HP: 24/37 MP: 4/4
  3321 | D:3      | Found a bloodstained altar of Trog.
  3532 | D:3      | Gained mutation: You have very sharp fingernails. [demonic ancestry]
  3532 | D:3      | Reached XP level 5. HP: 42/42 MP: 5/5
  3957 | D:4      | Found a glowing drain.
  3962 | Sewer    | Entered a sewer
  4273 | Sewer    | Reached *** piety under Trog
  4541 | Sewer    | Reached skill level 1 in Shields
  4880 | D:4      | Gained mutation: You are partially covered in sharp spines. [demonic ancestry]
  4880 | D:4      | Reached XP level 6. HP: 48/48 MP: 6/6
  4987 | D:4      | Found a basalt altar of Yredelemnul.
  5179 | D:4      | Found a staircase to the Ecumenical Temple.
  5490 | D:5      | Entered Level 5 of the Dungeon
  5705 | D:5      | Noticed a sky beast
  5725 | D:5      | Killed a sky beast
  6236 | D:5      | Found an ornate altar of the Wu Jian Council.
  6400 | D:5      | Reached XP level 7. HP: 55/55 MP: 7/7
  6754 | D:5      | Found a bloodstained altar of Trog.
  6910 | D:6      | Noticed Sigmund
  6921 | D:6      | Killed Sigmund
  7025 | D:6      | Found Yla Tieri's Jewellery Shoppe.
  7044 | D:6      | Reached skill level 5 in Armour
  7044 | D:6      | Reached XP level 8. HP: 51/61 MP: 8/8
  7095 | D:6      | Found a glowing silver altar of Zin.
  7095 | D:6      | Found a shimmering altar of Xom.
  7095 | D:6      | Noticed an angel
  7115 | D:6      | Found Oxkoture's Jewellery Boutique.
  7173 | D:6      | Noticed Eustachio
  7184 | D:6      | Killed Eustachio
  7234 | D:6      | Found Huisood's Armour Emporium.
  7258 | D:6      | Found Bykiesav's Distillery.
  7519 | D:6      | Found a runed door.
  7524 | D:6      | Noticed Crazy Yiuf
  7526 | D:6      | Killed Crazy Yiuf
  7786 | D:7      | Reached skill level 5 in Fighting
  7797 | D:7      | Noticed a hippogriff
  7808 | D:7      | Killed a hippogriff
  7808 | D:7      | Reached skill level 5 in Long Blades
  7972 | D:7      | Found a glowing golden altar of the Shining One.
  8130 | D:7      | Found a blossoming altar of Fedhas.
  8139 | D:7      | Gained mutation: You are partially covered in slimy green scales. (AC +2) [demonic ancestry]
  8139 | D:7      | Reached XP level 9. HP: 59/68 MP: 9/9
  8363 | D:7      | Reached skill level 5 in Shields
  8380 | D:7      | Reached **** piety under Trog
  8854 | D:7      | Found a burning altar of Makhleb.
  8854 | D:7      | Noticed a blizzard demon
  8857 | D:7      | Noticed an orange demon
  8993 | D:7      | Found a shattered altar of Ashenzari.
  9239 | D:8      | Got a transparent hunting sling
  9240 | D:8      | Identified the +1 hunting sling of Balysuah {velocity, Dex+8} (You found it on level 8 of the Dungeon)
  9307 | D:8      | Noticed a two-headed ogre
  9317 | D:8      | Killed a two-headed ogre
  9331 | D:8      | Reached XP level 10. HP: 63/76 MP: 10/10
  9457 | D:8      | Noticed Erica
  9993 | D:8      | Got a slimy hand axe
  9994 | D:8      | Identified the +5 hand axe "Hydraslayer" {pain, *Slow Str+3 Dex+2 Stlth+} (You found it on level 8 of the Dungeon)
 10149 | D:8      | Noticed kae's ghost (novice DsMo)
 10344 | D:8      | Killed Erica
 10344 | D:8      | Reached skill level 5 in Dodging
 10426 | D:8      | Found a shadowy altar of Dithmenos.
 10903 | D:9      | Found a bloodstained altar of Trog.
 11046 | D:9      | Found a deep blue altar of Sif Muna.
 11320 | D:9      | Noticed slayr's ghost (novice BaTm)
 11334 | D:9      | Killed slayr's ghost
 11427 | D:9      | Found a hazy altar of Hepliaklqana.
 11622 | D:10     | Entered Level 10 of the Dungeon
 11721 | D:10     | Found a staircase to the Orcish Mines.
 11732 | D:10     | Reached skill level 1 in Stealth
 11868 | D:10     | Reached ***** piety under Trog
 12077 | D:10     | Noticed a two-headed ogre
 12089 | D:10     | Killed a two-headed ogre
 12089 | D:10     | Gained mutation: You have claws for hands. [demonic ancestry]
 12089 | D:10     | Reached XP level 11. HP: 84/84 MP: 11/11
 12239 | D:10     | Identified a scroll of acquirement
 12242 | D:10     | Got a brightly glowing graven amulet
 12243 | D:10     | Identified the amulet of Law {Spirit rPois rF+} (You acquired it on level 10 of the Dungeon)
 12391 | D:10     | Noticed Exporg's ghost (journeyman DsBe)
 12406 | D:10     | Killed Exporg's ghost
 12592 | D:10     | Noticed Grum
 12609 | D:10     | Killed Grum
 12692 | D:10     | Noticed a deep elf mage
 12709 | D:10     | Killed a deep elf mage
 13482 | D:11     | Noticed a cyan ugly thing
 13497 | D:11     | Killed a cyan ugly thing
 13617 | D:11     | Found a staircase to the Lair.
 14104 | D:12     | Noticed a skeletal warrior
 14104 | D:12     | Noticed a skeletal warrior
 14104 | D:12     | Noticed a skeletal warrior
 14104 | D:12     | Noticed a skeletal warrior
 14113 | D:12     | Killed a skeletal warrior
 14122 | D:12     | Killed a skeletal warrior
 14133 | D:12     | Killed a skeletal warrior
 14148 | D:12     | Killed a skeletal warrior
 14259 | D:12     | Noticed a two-headed ogre
 14270 | D:12     | Killed a two-headed ogre
 14270 | D:12     | Gained mutation: You are mostly covered in sharp spines. [demonic ancestry]
 14270 | D:12     | Reached XP level 12. HP: 73/94 MP: 12/12
 14495 | D:12     | Received a gift from Trog
 15055 | D:13     | Noticed a five-headed hydra
 15063 | D:13     | Killed a one-headed hydra
 15712 | D:13     | Noticed a vault guard
 15728 | D:13     | Reached skill level 10 in Shields
 16249 | D:13     | Noticed an ogre mage
 16256 | D:13     | Killed an ogre mage
 16257 | D:13     | Noticed a vault guard
 16272 | D:13     | Killed a vault guard
 16627 | D:13     | Killed a vault guard
 16735 | D:13     | Found a gate to the Vaults.
 16735 | D:13     | Noticed a vault guard
 16735 | D:13     | Noticed a vault guard
 16749 | D:13     | Killed a vault guard
 16758 | D:13     | Killed a vault guard
 16811 | D:14     | Noticed a two-headed ogre
 16830 | D:14     | Killed a two-headed ogre
 16830 | D:14     | Reached skill level 10 in Long Blades
 16840 | D:13     | Gained mutation: You resist negative energy. (rN+) [demonic ancestry]
 16840 | D:13     | Reached XP level 13. HP: 80/101 MP: 13/13
 17131 | D:14     | Found a portal to a secret trove of treasure.
 17182 | D:14     | Noticed Kirke
 17243 | D:14     | HP: 4/101 [centaur/arrow (8)]
 17244 | D:14     | Shot with an arrow by a centaur

Skill      XL: |  1  2  3  4  5  6  7  8  9 10 11 12 13 |
---------------+----------------------------------------+-----
Long Blades    | 3 4 5 6 7 8 10 | 10.3
Armour         | 2 3 4 5 6 7 8 9 |  9.8
Dodging        | 2 3 4 5 6 7 8 |  8.0
Fighting       | 4 5 6 7 8 9 |  9.6
Shields        | 1 3 4 6 8 9 10 | 10.7
Stealth        | 1 |  1.6

Action                   |  1- 3 |  4- 6 |  7- 9 | 10-12 | 13-15 || total
-------------------------+-------+-------+-------+-------+-------++-------
Melee: Falchion          |   145 |   256 |   288 |   115 |       ||   804
       Scimitar          |       |       |       |   642 |    83 ||   725
       Unarmed           |       |       |       |       |     6 ||     6
Invok: Berserk           |       |     5 |     5 |    13 |     2 ||    25
       Burn Spellbooks   |       |       |     1 |     2 |       ||     3
  Use: Scroll            |     5 |    14 |     6 |    15 |     1 ||    41
       Potion            |       |     1 |       |       |     3 ||     4
  Eat: Chunk             |     6 |    14 |     6 |    31 |     2 ||    59
       Ration            |       |     1 |     2 |     3 |     1 ||     7
Armor: Animal skin       |     2 |       |       |       |       ||     2
       Scale mail        |    51 |       |       |       |       ||    51
       Chain mail        |     8 |   200 |   148 |   312 |    40 ||   708
Dodge: Dodged            |    99 |    90 |    88 |   203 |    84 ||   564
Block: Shield            |       |   124 |   174 |   481 |    83 ||   862
       Rpst.: Falchion   |    33 |    31 |    24 |     9 |       ||    97
       Scimitar          |       |       |       |    40 |     5 ||    45
